 Dungeon Crawl Stone Soup version 0.17.1-1-g73c8601 (webtiles) character file.

31586 SomeoneSimple the Grappler (level 13, -7/137 HPs)
             Began as a Troll Monk on Jan 3, 2016.
             Was a High Priest of Okawaru.
             Shot with an arrow of flame by a centaur (13 damage)
             ... led by a centaur warrior
             ... on level 13 of the Dungeon.
             The game lasted 02:26:00 (17886 turns).

SomeoneSimple the Grappler (Troll Monk)            Turns: 17886, Time: 02:26:00

Health: -7/137     AC: 10    Str: 23    XL:     13   Next: 26%
Magic:  15/15      EV: 22    Int: 12    God:    Okawaru [*****.]
Gold:   1793       SH:  0    Dex: 20    Spells: 0 memorised, 12 levels left

rFire  + . .     SeeInvis .       - Unarmed
rCold  + . .     Clarity  .     n - +1 robe {rC+}
rNeg   . . .     SustAt   .     (no shield)
rPois  .         Gourm    +     Y - +1 hat {MR+}
rElec  .         Spirit   .     L - +2 cloak {MR+}
rCorr  .         Warding  .     (gloves unavailable)
rMut   .         Stasis   +     (boots unavailable)
MR     ++...                    D - amulet of stasis
Stlth  +++.......               (no ring)
                                a - ring of Jumuirph {+Inv rF+ Int+6}

@: agile, heavily drained, very resistant to hostile enchantments, fairly
stealthy
A: unfitting armour, claws 3, fast metabolism 3, gourmand, regeneration 2,
shaggy fur 1, tough skin 2
a: Heroism, Finesse, Renounce Religion, Evoke Invisibility


You were on level 13 of the Dungeon.
You worshipped Okawaru.
Okawaru was extremely pleased with you.
You were completely stuffed.

You visited 2 branches of the dungeon, and saw 17 of its levels.

You collected 2401 gold pieces.
You spent 608 gold pieces at shops.

Inventory:

Hand Weapons
 k - the +6 giant spiked club "Ucofaxoc" {freeze, rElec rPois}
   (Okawaru gifted it to you on level 12 of the Dungeon)

   It has been specially enchanted to freeze those struck by it, causing extra
   injury to most foes and up to half again as much damage against particularly
   susceptible opponents.
   It can also slow down cold-blooded creatures.
   It insulates you from electricity.
   It protects you from poison.
 t - a +0 blowgun
Missiles
 c - 94 poisoned needles
 p - 2 tomahawks of returning (quivered)
 K - 4 javelins
 U - 2 large rocks
Armour
 l - a +2 robe of magic resistance
 n - a +1 robe of cold resistance (worn)
 L - a +2 cloak of magic resistance (worn)
 X - a +2 robe of positive energy
 Y - a +1 hat of magic resistance (worn)
Jewellery
 a - the ring of Jumuirph (left claw) {+Inv rF+ Int+6}
   (You acquired it on level 11 of the Dungeon)

   [ring of invisibility]

   It affects your intelligence (+6).
   It protects you from fire.
   It lets you turn invisible.
 y - an uncursed ring of ice
 D - an amulet of stasis (around neck)
Wands
 g - a wand of frost (27)
 P - a wand of teleportation (4)
 T - a wand of confusion (11)
 W - a wand of frost (31)
Scrolls
 d - a scroll of identify
 e - 4 scrolls of enchant armour {unknown}
 i - 2 scrolls of enchant weapon {unknown}
 o - 5 scrolls of recharging {unknown}
 s - 7 scrolls of teleportation {unknown}
 u - a scroll of magic mapping
 F - 3 scrolls of remove curse
 G - a scroll of amnesia
 M - a scroll of immolation
Potions
 f - 2 potions of magic
 h - 7 potions of curing
 j - 3 potions of cure mutation
 m - 3 potions of lignification
 q - a potion of resistance {unknown}
 r - 2 potions of mutation
 v - 3 potions of flight
 x - a potion of might {unknown}
 B - a potion of brilliance {unknown}
 H - a potion of haste
 N - 3 potions of cancellation
 S - 2 potions of ambrosia
Comestibles
 b - 13 bread rations
 z - 9 slices of pizza
 C - 5 meat rations
 O - 5 beef jerkies
 Q - a royal jelly
 R - 10 fruits


   Skills:
 * Level 11.2(9.8) Fighting
 - Level 4.1(3.0) Maces & Flails
 + Level 10.0(8.6) Dodging
 - Level 1.1(0.1) Stealth
 + Level 13.4(11.9) Unarmed Combat
 + Level 4.3(3.1) Evocations


You had 12 spell levels left.
You didn't know any spells.

Dungeon Overview and Level Annotations

Branches:
Dungeon (13/15)            Temple (0/1) D:7            Lair (0/8) D:11
    Orc (4/4) D:12            Elf (0/3) Orc:4
 Vaults: D:13-14

Altars:
Ashenzari
Dithmenos
Kikubaaqudgha
Makhleb
Okawaru
Sif Muna
Trog
Vehumet
Zin
The Shining One
Jiyva

Shops:
D:7 [   Orc:1 }   Orc:4 =*:!(


Innate Abilities, Weirdness & Mutations

You are too large for most types of armour.
You have claws for hands.
Your metabolism is lightning-fast.
You like to eat raw meat.
You heal very quickly.
You are covered in fur (AC +1).
You have very tough skin (AC +2).


Message History

Nothing appears to happen.
Evoking this partially-identified wand wasted a few charges.
The centaur shouts! x2
The centaur warrior shoots an arrow.
The arrow hits you!!
The centaur wields a shortbow.
The centaur shoots an arrow.
The arrow hits you!
The centaur shoots an arrow of flame.
The arrow of flame hits you. The arrow of flame burns you.
The centaur wields a shortbow.
The centaur shoots an arrow.
The arrow closely misses you.
A centaur comes into view.
The centaur warrior shoots an arrow.
The arrow misses you.
You see here an arrow.
You open the door.
The centaur warrior shoots an arrow.
The arrow hits you!!
* * * LOW HITPOINT WARNING * * *
The centaur shoots an arrow of flame.
The arrow of flame hits you.
* * * LOW HITPOINT WARNING * * *
The centaur warrior shoots an arrow.
The arrow hits you!!
* * * LOW HITPOINT WARNING * * *
You feel agile all of a sudden.
The centaur shoots an arrow of flame.
The arrow of flame hits you!
You die...

...#............+.............
...#............#..............
...#.....##'#####...c...........
...#######.......................
.(.. ..............c..cc.........
............................
...............(.(.c.........
............(###+#...........
............@# #.(...c.....
###########'## #........... ...
#...(....... ..... #...........
....... #........... .......
+........... ....... #...........
..#.... #........... ###.........


You could see a centaur warrior and a centaur.

Vanquished Creatures
  Gastronok (D:11)
  Maud (Orc:3)
  Josephine (D:10)
  Fannar (Orc:3)
  Harold (D:10)
  3 orc high priests (Orc:4)
  3 hill giants
  4 orc knights
  An ugly thing (D:13)
  A manticore (D:6)
  5 orc sorcerers (Orc:4)
  The ghost of OTabOTabOTabDead the Covert, a novice OpBe of Trog (D:6)
  A kobold demonologist (D:12)
  A gargoyle (D:12)
  A fire drake (D:10)
  5 trolls
  A two-headed ogre (D:12)
  2 deep elf magi (D:12)
  A trapdoor spider zombie (D:7)
  The ghost of DeXoteric the Ducker, an amateur TeAr (D:4)
  Sigmund (D:3)
  5 wraiths
  19 yaks
  A human (D:9)
  A mottled dragon (D:11)
  5 hippogriffs
  A hungry ghost (D:13)
  3 wargs
  5 sky beasts
  A black bear (D:10)
  3 phantoms
  2 ice beasts
  9 ogres
  2 eyes of draining
  6 centaurs
  21 orc warriors
  A necrophage (D:8)
  The ghost of MirrMurr the Sneak, an amateur SpEn (D:3)
  A big kobold (D:7)
  A wyvern zombie (D:12)
  8 giant frogs
  A gnoll sergeant (D:7)
  3 wyvern skeletons
  5 scorpions
  4 wights (D:11)
  19 killer bees
  7 crimson imps
  2 giant frog zombies
  4 jellies (D:13)
  27 orc priests
  A centaur zombie (D:9)
  A gnoll shaman (D:7)
  43 orc wizards
  3 giant frog skeletons
  5 hounds
  Jessica (D:2)
  3 centaur skeletons
  5 iguanas
  2 quasits (D:11)
  7 worker ants
  3 sheep (D:9)
  3 hound skeletons
  2 worker ant zombies
  17 gnolls
  14 adders
  3 shadow imps
  12 white imps (Orc:3)
  2 oozes
  8 worms
  7 giant geckos
  179 orcs
  8 hobgoblins
  4 quokkas
  10 bats
  6 giant cockroaches
  A giant cockroach zombie (D:6)
  4 giant newts
  7 goblins
  11 kobolds
  A quokka zombie (D:6)
  12 rats
590 creatures vanquished.

Notes
Turn   | Place    | Note
--------------------------------------------------------------
     0 | D:1      | SomeoneSimple the Troll Monk began the quest for the Orb.
     0 | D:1      | Reached XP level 1. HP: 22/22 MP: 0/0
   163 | D:1      | Reached XP level 2. HP: 29/29 MP: 1/1
   614 | D:2      | Reached XP level 3. HP: 34/36 MP: 2/2
   632 | D:2      | Found an iron altar of Okawaru.
   635 | D:2      | Found a bloodstained altar of Trog.
   641 | D:2      | Became a worshipper of Warmaster Okawaru
   641 | D:2      | Reached * piety under Okawaru
   641 | D:2      | Reached ** piety under Okawaru
   674 | D:2      | Noticed Jessica
   689 | D:2      | Killed Jessica
   689 | D:2      | Reached skill level 5 in Unarmed Combat
   755 | D:2      | Reached XP level 4. HP: 31/44 MP: 3/3
   868 | D:2      | Found a glowing golden altar of the Shining One.
  1277 | D:3      | Noticed Sigmund
  1288 | D:3      | Killed Sigmund
  1288 | D:3      | Reached skill level 6 in Unarmed Combat
  1288 | D:3      | Reached XP level 5. HP: 14/50 MP: 4/4
  1301 | D:2      | Reached XP level 6. HP: 15/59 MP: 5/5
  1625 | D:3      | Noticed MirrMurr's ghost (amateur SpEn)
  1638 | D:3      | Killed MirrMurr's ghost
  1766 | D:3      | Noticed a centaur
  1776 | D:3      | Killed a centaur
  1776 | D:3      | Reached *** piety under Okawaru
  1776 | D:3      | Reached skill level 7 in Unarmed Combat
  2088 | D:3      | Found an ancient bone altar of Kikubaaqudgha.
  2088 | D:3      | Found a radiant altar of Vehumet.
  2496 | D:4      | Reached XP level 7. HP: 57/66 MP: 6/6
  2518 | D:4      | Found a shattered altar of Ashenzari.
  2521 | D:4      | Noticed DeXoteric's ghost (amateur TeAr)
  2538 | D:4      | Killed DeXoteric's ghost
  2544 | D:4      | Reached skill level 8 in Unarmed Combat
  3261 | D:4      | Found a burning altar of Makhleb.
  3264 | D:4      | Found a glowing silver altar of Zin.
  3264 | D:4      | Noticed an angel
  3265 | D:4      | Noticed an Executioner
  3366 | D:5      | Entered Level 5 of the Dungeon
  3402 | D:5      | Reached skill level 5 in Dodging
  3402 | D:5      | Reached XP level 8. HP: 62/74 MP: 7/7
  3490 | D:5      | Reached skill level 9 in Unarmed Combat
  4221 | D:6      | Reached **** piety under Okawaru
  4324 | D:6      | Noticed OTabOTabOTabDead's ghost (novice OpBe)
  4363 | D:6      | Killed OTabOTabOTabDead's ghost
  4363 | D:6      | Reached skill level 10 in Unarmed Combat
  4374 | D:6      | Noticed a manticore
  4380 | D:6      | HP: 1/74 [manticore (9)]
  4381 | D:6      | Killed a manticore
  4381 | D:6      | Reached XP level 9. HP: 1/83 MP: 8/8
  4691 | D:6      | Reached ***** piety under Okawaru
  5158 | D:6      | Found a deep blue altar of Sif Muna.
  5771 | D:7      | Reached skill level 5 in Fighting
  5797 | D:7      | Reached skill level 11 in Unarmed Combat
  5943 | D:7      | Found a staircase to the Ecumenical Temple.
  5965 | D:7      | Found Dohufosi's Armour Shoppe.
  5973 | D:7      | Bought a +2 cloak of magic resistance for 258 gold pieces
  6479 | D:7      | Reached XP level 10. HP: 92/97 MP: 9/9
  6937 | D:8      | Found a shadowy altar of Dithmenos.
  7601 | D:9      | Found a glowing silver altar of Zin.
  7790 | D:9      | Received a gift from Okawaru
  7974 | D:8      | Received a gift from Okawaru
  7977 | D:8      | Got a translucent shield {god gift}
  7986 | D:8      | Identified the +0 shield "Moor Leazu" {Stlth+} (Okawaru gifted it to you on level 8 of the Dungeon)
  8491 | D:10     | Entered Level 10 of the Dungeon
  8669 | D:10     | Noticed Harold
  8699 | D:10     | Killed Harold
  8809 | D:10     | Noticed Josephine
  8833 | D:10     | Reached skill level 12 in Unarmed Combat
  8841 | D:10     | Killed Josephine
  8841 | D:10     | Reached XP level 11. HP: 97/111 MP: 6/10
  9003 | D:10     | Noticed a hill giant
  9010 | D:10     | Killed a hill giant
  9270 | D:11     | Found a staircase to the Lair.
  9371 | D:10     | Received a gift from Okawaru
  9510 | D:11     | Reached ****** piety under Okawaru
  9643 | D:11     | Found a glowing silver altar of Zin.
  9744 | D:11     | Noticed Gastronok
  9761 | D:11     | Killed Gastronok
  9938 | D:11     | Identified a scroll of acquirement
  9953 | D:11     | Got a bound bronze ring
  9954 | D:11     | Identified the ring of Jumuirph {+Inv rF+ Int+6} (You acquired it on level 11 of the Dungeon)
 10278 | D:12     | Received a gift from Okawaru
 10671 | D:12     | Reached XP level 12. HP: 87/126 MP: 11/11
 10727 | D:12     | Reached skill level 1 in Evocations
 11180 | D:12     | Found a staircase to the Orcish Mines.
 11238 | D:12     | Reached skill level 10 in Fighting
 11238 | D:12     | Reached skill level 13 in Unarmed Combat
 11625 | D:12     | Received a gift from Okawaru
 11643 | D:12     | Got a brightly glowing giant spiked club {god gift}
 11644 | D:12     | Identified the +6 giant spiked club "Ucofaxoc" {freeze, rElec rPois} (Okawaru gifted it to you on level 12 of the Dungeon)
 11744 | Orc:1    | Entered Level 1 of the Orcish Mines
 11892 | Orc:1    | Found Gonoronlu's Quality Used Wands.
 11982 | Orc:1    | Reached skill level 1 in Maces & Flails
 13005 | Orc:4    | Entered Level 4 of the Orcish Mines
 13179 | Orc:4    | Found Itauxyowou's Antique Weapon Boutique.
 13987 | Orc:4    | Found a staircase to the Elven Halls.
 14212 | Orc:4    | Found Ihicuus's Distillery.
 14770 | Orc:4    | Received a gift from Okawaru
 14771 | Orc:4    | Got a distressingly furry animal skin {god gift}
 14783 | Orc:4    | Identified the +2 animal skin of Honesty {*Confuse rPois Int+4 Dex+3} (Okawaru gifted it to you on level 4 of the Orcish Mines)
 15092 | Orc:4    | Found Hyusopt's General Store.
 15138 | Orc:4    | Reached XP level 13. HP: 114/136 MP: 14/14
 15181 | Orc:4    | Found Lucowitu's Jewellery Boutique.
 15186 | Orc:4    | Found Haruxkida's Book Shoppe.
 15227 | Orc:4    | Bought a scroll of magic mapping for 38 gold pieces
 15227 | Orc:4    | Bought a potion of ambrosia for 88 gold pieces
 15227 | Orc:4    | Bought a potion of agility for 44 gold pieces
 15229 | Orc:4    | Bought a potion of heal wounds for 60 gold pieces
 15229 | Orc:4    | Bought a potion of haste for 120 gold pieces
 15450 | Orc:2    | Noticed Maud
 15761 | Orc:3    | Killed Maud
 16410 | Orc:2    | Noticed Fannar
 16548 | Orc:4    | HP: 5/137 [orc warrior/halberd of chopping (4)]
 17286 | Orc:3    | Killed Fannar
 17747 | D:13     | Found a viscous altar of Jiyva.
 17800 | D:13     | Reached skill level 10 in Dodging
 17885 | D:13     | HP: 6/137 [centaur warrior/arrow (18)]
 17886 | D:13     | Shot with an arrow of flame by a centaur

Action                   |  1- 3 |  4- 6 |  7- 9 | 10-12 | 13-15 || total
-------------------------+-------+-------+-------+-------+-------++-------
Melee: Unarmed           |    95 |   127 |   380 |   763 |   290 ||  1655
       Giant spiked club |       |       |       |   172 |       ||   172
 Fire: Blowgun           |       |       |       |       |     5 ||     5
Throw: Throwing net      |       |       |       |     5 |     5 ||    10
       Large rock        |       |       |       |    25 |     2 ||    27
Evoke: Wand              |       |       |       |       |     1 ||     1
  Use: Potion            |       |       |     1 |     6 |     3 ||    10
       Scroll            |       |       |       |    18 |       ||    18
 Stab: Sleeping          |     3 |     1 |     3 |     6 |       ||    13
       Held in net/web   |       |       |       |     1 |     6 ||     7
       Invisible         |       |       |       |     1 |       ||     1
  Eat: Chunk             |    11 |    17 |    37 |    75 |    31 ||   171
